 Dungeon Crawl Stone Soup version 0.15-a0-1472-ge546950 (webtiles) character file.

13 Schadenfreude the Ruinous (level 2, 15/15 HPs)
             Began as a Deep Elf Conjurer on June 13, 2014.
             Quit the game on Level 1 of the Dungeon on June 23, 2014.
             The game lasted 00:01:27 (391 turns).

Schadenfreude the Ruinous (Deep Elf Conjurer)        Turns: 391, Time: 00:01:28

HP  15/15        AC  2     Str  5      XL: 2   Next: 24%
MP   7/8         EV 13     Int 19      God:
Gold 63          SH  0     Dex 15      Spells:  1 memorised,  7 levels left

rFire  . . .     SeeInvis .     (no weapon)
rCold  . . .     Clarity  .     a - +0 robe
rNeg   . . .     rCorr    .     (no shield)
rPois  .         rRot     .     (no helmet)
rElec  .         Spirit   .     (no cloak)
SustAb .         Warding  .     (no gloves)
rMut   .         Stasis   .     (no boots)
Gourm  .                        (no amulet)
MR     .....                    (no ring)
                                (no ring)

@: not resistant to hostile enchantments, unstealthy
A: no striking features
a: no special abilities


You were on level 1 of the Dungeon.
You were not hungry.

You visited 1 branch of the dungeon, and saw 1 of its levels.

You collected 63 gold pieces.


   Skills:
 - Level 2.4 Dodging
 - Level 2.4 Stealth
 + Level 3.5 Spellcasting
 + Level 4.7 Conjurations


You had 7 spell levels left.
You knew the following spells:

 Your Spells              Type           Power        Failure   Level  Hunger
a - Magic Dart            Conj           ###.         1%          1    None


Dungeon Overview and Level Annotations

Branches:
Dungeon (1/15)

Altars:

Inventory:

Armour
 a - a +0 robe (worn)
Comestibles
 b - a bread ration
 h - a meat ration
Scrolls
 d - 4 scrolls of enchant weapon I {unknown}
 e - 2 scrolls of immolation {unknown}
 g - a scroll of identify {unknown}
Potions
 f - a potion of magic {unknown}
 i - a potion of curing {unknown}
Books
 c - a book of Conjurations

   Spells                             Type                      Level
   *Magic Dart                        Conjuration                  1
   Searing Ray                        Conjuration                  2
   Dazzling Spray                     Conjuration/Hexes            3
   Fulminant Prism                    Conjuration/Hexes            4
   Iskenderun's Mystic Blast          Conjuration                  4
   Iskenderun's Battlesphere          Conjuration/Charms           5

~~~~~~~~~~~~~~~7~
~~~~~~~~~~~~~~~~~~~~
~~~~~~~~~~~~~~~~~~7~~7
~~~7~~~~~~~~~~~P~P~~P~7
7~~7~P7~~~~~~~~~~P777#
P 7~~~~~~P~~~~7~77~~#
...7~~7P~777P~77~7~7##
#.......7~~~~~77P####
#.......@.....###
###############


There were no monsters in sight!


Message History

Casting: Magic Dart
Aiming: Magic Dart
Aim: a rat (resting)
The magic dart hits the rat.
You kill the rat!
Found a green potion.
i - a green potion Magic restored.
Found 15 gold pieces.
A bat and a rat come into view.
Found 5 gold pieces.
There are monsters nearby!
There are monsters nearby!
There are monsters nearby!
Casting: Magic Dart
Aiming: Magic Dart
Aim: a rat The magic dart hits the rat.
You kill the rat!
Casting: Magic Dart You don't know that spell.
Casting: Magic Dart
Aiming: Magic Dart
Aim: a bat The magic dart hits the bat.
The bat misses you.
Casting: Magic Dart
Aiming: Magic Dart
Aim: a bat The magic dart hits the bat.
You kill the bat!
You now have 48 gold pieces (gained 5).
You now have 63 gold pieces (gained 15).
You enter the shallow water.
Moving in this stuff is going to be slow.
Magic restored.
A bat comes into view.
A bat is nearby!
A bat is nearby!
A bat is nearby!
A bat is nearby!
Casting: Magic Dart
Aiming: Magic Dart
Aim: a bat (resting)
The magic dart hits the bat.
The bat is heavily wounded.
A bat is nearby!
Casting: Magic Dart
Aiming: Magic Dart
Aim: a bat (heavily wounded)
The magic dart hits the bat.
You kill the bat!
Unknown command.
You start resting.
Magic restored.
A rat comes into view.
The rat moves out of view.
The rat is too close now for your liking.
A rat is nearby!
A rat is nearby!
A rat is nearby!
A rat is nearby!
A rat is nearby!
Casting: Magic Dart
Aiming: Magic Dart
Aim: a rat The magic dart hits the rat.
You kill the rat!
Welcome back, Schadenfreude the Deep Elf Conjurer.
Unknown command.
Are you sure you want to abandon this character and quit the game? (Confirm with "yes".)

Action                   || total
-------------------------++-------
 Cast: Magic Dart        ||    24

Vault maps used:
D:1:      scummos_arrival_simple_fountains, serial_bayou, serial_bayou_lagoon_a,
          serial_bayou_pond_e, serial_bayou_lake_a, serial_bayou_ford_a

Notes
Turn   | Place    | Note
--------------------------------------------------------------
     0 | D:1      | Schadenfreude, the Deep Elf Conjurer, began the quest for the Orb.
     0 | D:1      | Reached XP level 1. HP: 10/10 MP: 5/5
   283 | D:1      | Reached XP level 2. HP: 15/15 MP: 6/8
   391 | D:1      | Quit the game

Vanquished Creatures
  A giant gecko (D:1)
  A ball python (D:1)
  A giant cockroach (D:1)
  4 bats (D:1)
  A kobold (D:1)
  6 rats (D:1)
14 creatures vanquished.
